 Dungeon Crawl Stone Soup version 0.30-a0-1016-gfb0d676c02 (webtiles) character file.

Game seed: 5053707250296873314

152189 Lavandula the Fey Gnoll (level 17, -4/133 HPs)
             Began as a Gnoll Summoner on Apr 6, 2023.
             Was a Priest of Yredelemnul.
             Slain by a frost giant
             ... wielding a +1 battleaxe of freezing
              (5 damage)
             ... on level 4 of the Shoals on Apr 7, 2023.
             The game lasted 01:39:17 (27718 turns).

Lavandula the Fey Gnoll (Gnoll Summoner)           Turns: 27718, Time: 01:39:18

Health: -4/133     AC: 22    Str:  9    XL:     17   Next: 57%
Magic:  10/34      EV: 23    Int: 21    God:    Yredelemnul [***...]
Gold:   1962       SH:  0    Dex: 13    Spells: 7/42 levels left

rFire   + . .      SeeInvis .    V - +3 bardiche (protect)
rCold   + . .      Faith    .    (shield currently unavailable)
rNeg    . . .      Spirit   .    P - +5 steam dragon scales
rPois   .          Reflect  .    N - +0 helmet
rElec   .          Rampage  .    k - scarf {rC+ rF+}
rCorr   .                        O - +0 pair of gloves
Will    +....                    F - +1 pair of boots
Stlth   +++++                    G - amulet of regeneration
HPRegen 1.22/turn                y - +4 ring of protection
MPRegen 0.24/turn                i - +5 ring of evasion

@: slightly contaminated, slowed, studying Poison Magic, very slow
A: fangs 1, strong nose, distributed training
a: Renounce Religion, Recall Undead Harvest, Dark Bargain


You were on level 4 of the Shoals.
You worshipped Yredelemnul.
Yredelemnul was pleased with you.
You visited 5 branches of the dungeon, and saw 27 of its levels.
You also visited: Sewer.

You collected 2937 gold pieces.
You spent 975 gold pieces at shops.

Inventory:

Hand Weapons
 L - the +1 scimitar of the Conjuring Stoat {flame, rCorr Stlth+}
   (You bought it in a shop on level 6 of the Dungeon)

   rCorr:     It protects you from acid and corrosion.
   Stlth:     It makes you more stealthy.
 V - a +3 bardiche of protection (weapon)
Missiles
 a - 2 throwing nets
 t - 6 curare-tipped darts
Armour
 k - a scarf of resistance (worn)
 F - a +1 pair of boots (worn)
 N - a +0 helmet (worn)
 O - a +0 pair of gloves (worn)
 P - +5 steam dragon scales (worn)
Jewellery
 f - a ring of poison resistance
 i - a +5 ring of evasion (right hand)
 m - the ring of Udghogh {rF+ MP+9}
   (You found it on level 5 of the Lair of Beasts)

   [ring of magical power]

   rF:        It protects you from fire.
   MP:        It affects your magic capacity (+9).
 y - a +4 ring of protection (left hand)
 G - an amulet of regeneration (around neck)
 S - a ring of wizardry
 Y - a +4 ring of slaying
Wands
 v - a wand of flame (37)
 z - a wand of mindburst (5)
 H - a wand of iceblast (16)
 R - a wand of paralysis (9)
 U - a wand of polymorph (5)
 X - a wand of digging (9)
 Z - a wand of acid (11)
Scrolls
 c - 2 scrolls of poison
 e - 3 scrolls of silence
 h - 4 scrolls of fog
 l - 11 scrolls of teleportation
 o - 8 scrolls of amnesia
 s - 2 scrolls of immolation
 w - 4 scrolls of vulnerability
 A - 2 scrolls of blinking
 D - 3 scrolls of magic mapping
 E - 6 scrolls of brand weapon
Potions
 b - 3 potions of magic
 g - a potion of ambrosia {unknown}
 j - 5 potions of haste
 p - 4 potions of attraction {unknown}
 q - 14 potions of curing
 r - 4 potions of heal wounds
 u - 3 potions of might {unknown}
 x - 3 potions of berserk rage
 B - 4 potions of cancellation
 C - 3 potions of resistance
 I - 4 potions of brilliance
 J - 2 potions of invisibility {unknown}
 K - 2 potions of flight {unknown}
 T - 4 potions of mutation {unknown}
 W - 3 potions of lignification
Miscellaneous
 d - a tin of tremorstones (2/2)
 n - a box of beasts (inert)


   Skills:
 + Level 12.1 Fighting
 + Level 12.1 Short Blades
 + Level 12.1 Long Blades
 + Level 12.1 Axes
 + Level 12.1 Maces & Flails
 + Level 12.1 Polearms
 + Level 12.1 Staves
 + Level 12.1 Ranged Weapons
 + Level 12.1 Throwing
 + Level 12.1 Armour
 + Level 13.0 Dodging
 + Level 12.8 Stealth
 + Level 12.1 Shields
 + Level 12.1 Unarmed Combat
 + Level 13.1 Spellcasting
 + Level 10.3 Conjurations
 + Level 10.3 Hexes
 + Level 12.4 Summonings
 + Level 10.3 Necromancy
 + Level 10.3 Translocations
 + Level 10.3 Transmutations
 + Level 10.3 Fire Magic
 + Level 10.3 Ice Magic
 + Level 10.3 Air Magic
 + Level 10.3 Earth Magic
 + Level 11.8 Poison Magic
 + Level 13.2 Invocations
 + Level 12.1 Evocations


You had 7 spell levels left.
You knew the following spells:

 Your Spells              Type           Power      Damage    Failure   Level
a - Summon Small Mammal   Summ           100%       N/A       1%          1
b - Call Imp              Summ           60%        N/A       1%          2
c - Call Canine Familiar  Summ           60%        N/A       1%          3
d - Summon Guardian Gole  Hex/Summ       57%        N/A       1%          3
e - Summon Lightning Spi  Summ/Air       57%        N/A       1%          4
f - Poisonous Vapours     Pois/Air       100%       N/A       1%          2
g - Manifold Assault      Tloc           54%        N/A       1%          4
h - Blink                 Tloc           100%       N/A       1%          2
i - Malign Gateway        Summ/Tloc      28%        N/A       36%         7
j - Enfeeble              Hex            27%        N/A       50%         7

Your spell library contained the following spells:

 Spells                   Type           Power      Damage    Failure   Level
 Apportation              Tloc           100%       N/A       1%          1
 Beastly Appendage        Tmut           100%       N/A       1%          1
 Kiss of Death            Conj/Necr      100%       2d13      1%          1
 Necrotise                Necr           100%       1d9       1%          1
 Sting                    Tmut/Pois      100%       1d8       1%          1
 Cigotuvi's Dreadful Rot  Necr/Pois/Air  100%       N/A       1%          2
 Lesser Beckoning         Tloc           100%       N/A       1%          2
 Momentum Strike          Conj/Tloc      100%       3d10      1%          2
 Confusing Touch          Hex            54%        N/A       1%          3
 Dazzling Flash           Conj/Hex       100%       N/A       1%          3
 Ignite Poison            Fire/Tmut/Pois 56%        N/A       1%          3
 Mephitic Cloud           Conj/Pois/Air  56%        N/A       1%          3
 Spider Form              Tmut/Pois      57%        N/A       1%          3
 Volatile Blastmotes      Fire/Tloc      100%       2d18      1%          3
 Anguish                  Hex/Necr       27%        N/A       1%          4
 Dispel Undead            Necr           54%        3d20      1%          4
 Iskenderun's Mystic Bla  Conj/Tloc      54%        2d12      1%          4
 Agony                    Necr           54%        N/A       1%          5
 Freezing Cloud           Conj/Ice/Air   27%        6-21      1%          5
 Silence                  Hex/Air        27%        N/A       1%          5
 Starburst                Conj/Fire      27%        6d9       11%         6
 Statue Form              Tmut/Erth      36%        N/A       11%         6
 Ozocubu's Refrigeration  Ice            27%        4d13      50%         7
 Storm Form               Tmut/Air       27%        N/A       50%         7
 Summon Horrible Things   Summ           30%        N/A       88%         8
 Necromutation            Tmut/Necr      27%        N/A       99%         8
 Polar Vortex             Ice            27%        N/A       100%        9
 Simulacrum               Ice/Necr       Unusable   N/A       N/A         6

Dungeon Overview and Level Annotations

Branches:
Dungeon (15/15)            Temple (1/1) D:6            Lair (5/5) D:9
 Shoals (4/4) Lair:3        Snake (0/4) Lair:2        Slime (0/5) Lair:5
    Orc (2/2) D:12            Elf (0/3) Orc:2        Vaults (0/5) D:13
 Depths (0/4) D:15          Sewer (visited)

Altars:
Ashenzari
Cheibriados
Dithmenos
Elyvilon
Fedhas
Gozag
Hepliaklqana
Kikubaaqudgha
Makhleb
Nemelex Xobeh
Qazlal
Ru
Sif Muna
Trog
Uskayaw
Vehumet
Wu Jian
Xom
Yredelemnul
The Shining One
Jiyva

Shops:
D:6 (=[   D:9 [   Orc:2 [==*

Annotations:
D:4 hound, exclusion: hound
D:7 1 runed translucent door, Jossarian's ghost, novice SpCj
D:8 Grum
D:10 2 transporters, Mulkerokala's ghost, novice KoNe
D:14 3 runed translucent doors, Qetzeseq's ghost, journeyman MeCj
Lair:2 3 runed translucent doors, Abiej's ghost, journeyman GrDe; Xoimmeym's ghost, journeyman DsHu; Ysuhawk's ghost, journeyman DsBr


Innate Abilities, Weirdness & Mutations

You have very sharp teeth.
Your uncanny sense of smell can sniff out nearby items.
Your experience applies equally to all skills.


Message History

The merfolk throws a throwing net.
The throwing net misses you.
Your mature fireweird beast hits the snapping turtle but does no damage.
Your mature fireweird beast constricts the snapping turtle!
Nikola casts a spell.
Nikola blinks!
Your merfolk impaler zombie hits the snapping turtle but does no damage.
The snapping turtle bites your mature fireweird beast!
Your merfolk impaler zombie hits the snapping turtle!
The frost giant barely misses you.
The frost giant misses your merfolk impaler zombie.
Your mature fireweird beast hits the snapping turtle!
The snapping turtle dies!
The merfolk barely misses you.
Your merfolk impaler zombie hits the frost giant but does no damage.
Your Dodging skill increases to level 13!
You feel better.
You are no longer locked in place.
The frost giant gestures at you while chanting.
The bolt of cold misses you.
The merfolk hits you from afar with a +0 trident!
The frost giant points at you and mumbles some strange words.
The bolt of cold hits you! You resist.
* * * LOW HITPOINT WARNING * * *
You feel better.
The merfolk hits you from afar with a +0 trident.
The frost giant hits you with a +1 battleaxe of freezing!!
* * * LOW HITPOINT WARNING * * *
The frost giant freezes you.
* * * LOW HITPOINT WARNING * * *
The frost giant hits your mature fireweird beast with a +1 battleaxe of freezing!
The frost giant freezes your mature fireweird beast.
Your mature fireweird beast dies!
Your mature fireweird beast's corpse disappears in a puff of smoke!
The merfolk misses you.
You feel much better.
The frost giant hits you with a +1 battleaxe of freezing!!
* * * LOW HITPOINT WARNING * * *
The frost giant freezes you.
You die...
Your body rises from the dead as a mindless zombie.

≈≈≈≈≈≈≈≈≈≈≈≈≈~
~~~~~~~~≈≈≈≈~.
.~~~~~~~~≈≈≈~
......~~~≈≈≈
......~~≈≈≈
#..Z...~~≈≈
#(.........
#.@..(..... ∆
#.CZ......~
#)).m....~.
#))........
#)........~
..........~~
#........~~~.
.........~~~~.
...............


You could see a frost giant (ally target), a merfolk, the friendly Nikola the
bound human and a friendly merfolk impaler zombie.

Vanquished Creatures
  An ogre mage (D:13)
  A hydra (D:14)
  A catoblepas (D:10)
  8 centaur warriors
  A merfolk avatar (Shoals:2)
  Erica (Lair:1)
  3 boulder beetles
  4 two-headed ogres
  A satyr (Shoals:3)
  A death yak (Lair:5)
  An orc high priest (Orc:2)
  3 skeletal warriors (D:13)
  A spriggan rider (Lair:4)
  A sea snake (Shoals:3)
  A wolf spider zombie (D:13)
  Pikel (D:5)
  An orc knight (Orc:2)
  4 harpies
  A wolf spider (D:15)
  An oklob plant (Orc:2)
  A salamander (shapeshifter) (D:14)
  4 ugly things
  3 fauns
  2 manticores
  8 cyclopes
  4 centaur zombies (D:13)
  2 black mambas
  4 slime creatures
  2 merfolk sirens (Shoals:1)
  4 elephants
  5 gargoyles (D:10)
  2 cane toads
  3 komodo dragons
  2 rime drakes
  An efreet (D:14)
  3 unseen horrors
  A kobold demonologist (D:10)
  A polar bear (Lair:4)
  4 trolls
  2 merfolk (Shoals:1)
  3 hornets
  4 blink frogs
  4 snapping turtles
  4 dream sheep
  2 wyverns
  6 spriggans (Lair:4)
  2 centaur simulacra (D:14)
  9 yaks
  2 wraiths
  2 shadows
  3 basilisks
  A naga (Lair:2)
  A swamp drake (D:12)
  4 water moccasins
  8 orc warriors
  A sky beast (D:7)
  2 ice beasts
  4 ogres
  2 wolves
  3 boggarts (Lair:4)
  10 centaurs
  A kobold brigand (D:9)
  4 bullfrogs
  A gnoll sergeant (D:10)
  A scorpion (D:6)
  A wight (D:10)
  4 killer bees
  An electric eel (Lair:5)
  3 howler monkeys
  11 orc priests
  A jelly (D:6)
  A boggart zombie (D:13)
  A sleepcap (D:5)
  7 orc wizards
  4 gnolls (D:7)
  4 adders
  A river rat (Sewer)
  2 ufetubi (D:5)
  A worm (D:2)
  A dart slug (D:3)
  33 orcs
  3 endoplasms
  4 giant cockroaches
  10 goblins
  6 hobgoblins
  A jackal (D:4)
  9 kobolds
  A quokka (D:2)
  9 ball pythons
  3 bats
  2 frilled lizards
  14 rats
317 creatures vanquished.

Vanquished Creatures (collateral kills)
  Roxanne (Shoals:2)
  An orc warlord (Orc:1)
  Nessos (Orc:2)
  A dire elephant (D:15)
  The ghost of syranez the Fighter, a journeyman DgTm (Lair:5)
  6 merfolk impalers
  Josephine (Lair:5)
  A merfolk javelineer (Shoals:2)
  4 hydras
  A catoblepas (D:10)
  2 satyrs (Shoals:3)
  2 merfolk avatars
  8 death yaks
  An anaconda (Lair:5)
  2 centaur warriors
  2 boulder beetles
  2 tengu warriors
  3 merfolk aquamancers
  3 two-headed ogres
  4 nameless horrors
  4 orc high priests (Orc:2)
  Urug (Orc:2)
  6 skysharks
  4 skeletal warriors (D:13)
  6 sea snakes
  6 orc knights (Orc:2)
  20 harpies
  A deep elf pyromancer (D:15)
  8 fauns
  2 cyclopes
  An oklob plant (Lair:4)
  2 ugly things
  4 manticores
  An elephant (Lair:5)
  3 slime creatures
  A water nymph (Shoals:1)
  2 merfolk sirens (Shoals:2)
  5 black mambas
  6 cane toads
  2 centaur zombies (D:13)
  An unseen horror (shapeshifter) (D:14)
  Maggie (D:8)
  2 rime drakes (Lair:4)
  2 unseen horrors
  A yaktaur (D:15)
  A tengu conjurer (D:12)
  8 komodo dragons
  6 harpy zombies (Shoals:3)
  A redback zombie (D:13)
  2 polar bears
  12 merfolk
  3 trolls
  2 hornets
  26 dream sheep
  8 wind drakes
  13 blink frogs
  5 snapping turtles
  5 spriggans (Lair:4)
  5 shadows
  6 water elementals (Shoals:2)
  2 vampires
  22 yaks
  4 fire bats (Lair:5)
  11 wraiths
  6 wyverns
  A fire elemental (Lair:5)
  4 basilisks
  A steam dragon (Lair:5)
  2 vampire mosquitoes (D:12)
  2 nagas (Lair:2)
  7 water moccasins
  An acid dragon (D:12)
  A floating eye (D:10)
  23 orc warriors
  A black bear (D:6)
  4 ogres
  A lemure (D:5)
  13 wolves
  7 centaurs
  A kobold brigand (D:9)
  7 bullfrogs
  A gnoll sergeant (D:7)
  A scorpion (D:5)
  6 killer bees
  2 howler monkeys
  A bullfrog zombie (Lair:3)
  2 jellies
  2 gnoll boudas
  16 orc priests
  2 hounds
  11 orc wizards
  15 adders
  11 gnolls
  5 river rats (Sewer)
  An ufetubus (D:5)
  A worm (D:2)
  53 orcs
  8 ball pythons
  A giant cockroach (D:3)
  A hobgoblin (D:4)
  A jackal (D:4)
  7 kobolds
  A bat (D:3)
  A frilled lizard (Sewer)
  2 kobold zombies (D:9)
  6 orc zombies
  19 rats
540 creatures vanquished.

Vanquished Creatures (others)
  21 eldritch tentacles
  An ugly thing zombie (D:15)
  2 fauns (Shoals:3)
  A spectral orc (Orc:2)
  A black mamba (Lair:3)
  A cane toad (Lair:3)
  3 merfolk zombies
  A spectral manticore (D:10)
  An unseen horror (D:10)
  A death yak zombie (Lair:5)
  A sea snake zombie (Shoals:3)
  2 unseen horror zombies
  A rime drake (shapeshifter) (D:14)
  4 yaktaurs (D:15)
  A hydra zombie (D:10)
  A spectral black mamba (Lair:4)
  A komodo dragon (Lair:3)
  8 harpy zombies
  A dream sheep (Lair:5)
  A spectral cane toad (Lair:5)
  2 slime creatures (D:12)
  2 black mamba zombies
  A shadow (D:10)
  3 slime creature zombies
  A vampire mosquito (D:12)
  7 yaks
  2 faun zombies (Shoals:3)
  3 fire bat zombies (Lair:5)
  A cane toad zombie (Lair:5)
  An orc warrior (Orc:2)
  6 dream sheep zombies
  3 blink frog zombies (Lair:1)
  An elf zombie (D:15)
  An elephant zombie (Lair:4)
  A vampire mosquito zombie (D:12)
  A centaur (D:10)
  3 wolves
  A phantom (D:7)
  A komodo dragon zombie (Lair:1)
  2 wyvern zombies
  A water moccasin zombie (Lair:4)
  3 troll zombies
  9 yak zombies
  3 wolf zombies
  9 centaur zombies
  A basilisk zombie (D:15)
  4 killer bee zombies (D:10)
  A howler monkey zombie (D:12)
  An adder (Lair:3)
  3 adder zombies (Lair:3)
  3 gnoll zombies
  41 orc zombies
  44 fungi
  200 plants
  9 withered plants
429 creatures vanquished.

Grand Total: 1286 creatures vanquished

Notes
Turn   | Place    | Note
-------+----------+-------------------------------------------
     0 | D:1      | Lavandula the Gnoll Summoner began the quest for the Orb.
     0 | D:1      | Reached XP level 1. HP: 13/13 MP: 6/6
   120 | D:1      | Reached XP level 2. HP: 18/19 MP: 7/7
   685 | D:2      | Learned a level 2 spell: Call Imp
   751 | D:2      | Reached skill level 5 in Spellcasting
   751 | D:2      | Reached XP level 3. HP: 25/25 MP: 7/9
  1060 | D:2      | Reached skill level 1 in Invocations
  1189 | D:2      | Learned a level 3 spell: Call Canine Familiar
  1193 | D:2      | Learned a level 3 spell: Summon Guardian Golem
  1368 | D:2      | Reached skill level 1 in Fighting
  1368 | D:2      | Reached skill level 1 in Short Blades
  1368 | D:2      | Reached skill level 1 in Long Blades
  1368 | D:2      | Reached skill level 1 in Axes
  1368 | D:2      | Reached skill level 1 in Maces & Flails
  1368 | D:2      | Reached skill level 1 in Polearms
  1368 | D:2      | Reached skill level 1 in Staves
  1368 | D:2      | Reached skill level 1 in Ranged Weapons
  1368 | D:2      | Reached skill level 1 in Throwing
  1368 | D:2      | Reached skill level 1 in Armour
  1368 | D:2      | Reached skill level 1 in Shields
  1368 | D:2      | Reached skill level 1 in Unarmed Combat
  1368 | D:2      | Reached skill level 1 in Evocations
  1699 | D:3      | Reached XP level 4. HP: 32/32 MP: 4/11
  1780 | D:3      | Found a broken altar of Ashenzari.
  2008 | D:3      | Reached skill level 1 in Conjurations
  2008 | D:3      | Reached skill level 1 in Hexes
  2008 | D:3      | Reached skill level 1 in Necromancy
  2008 | D:3      | Reached skill level 1 in Translocations
  2008 | D:3      | Reached skill level 1 in Transmutations
  2008 | D:3      | Reached skill level 1 in Fire Magic
  2008 | D:3      | Reached skill level 1 in Ice Magic
  2008 | D:3      | Reached skill level 1 in Air Magic
  2008 | D:3      | Reached skill level 1 in Earth Magic
  2008 | D:3      | Reached skill level 1 in Poison Magic
  2098 | D:3      | Found a faded altar of an unknown god.
  2334 | D:4      | Reached XP level 5. HP: 37/37 MP: 4/12
  2366 | D:4      | Learned a level 4 spell: Summon Lightning Spire
  2670 | D:4      | Found a glowing drain.
  2700 | Sewer    | Entered a sewer
  2919 | Sewer    | Reached XP level 6. HP: 44/44 MP: 4/13
  3036 | Sewer    | Reached skill level 5 in Dodging
  3595 | D:5      | Entered Level 5 of the Dungeon
  3601 | D:5      | Reached XP level 7. HP: 49/51 MP: 3/15
  3608 | D:5      | Reached skill level 5 in Stealth
  3904 | D:5      | Noticed Pikel
  3922 | D:5      | Killed Pikel
  3923 | D:5      | Reached XP level 8. HP: 34/58 MP: 5/17
  4032 | D:5      | Found a radiant altar of Vehumet.
  4139 | D:5      | Found an ancient bone altar of Kikubaaqudgha.
  4502 | D:6      | Found Rephoah's Jewellery Shoppe.
  4730 | D:6      | Found Weifutt's Antique Weapon Shop.
  4801 | D:6      | Reached XP level 9. HP: 40/65 MP: 4/18
  4804 | D:6      | Learned a level 2 spell: Poisonous Vapours
  4944 | D:6      | Found Timasch's Armour Emporium.
  5162 | D:6      | Found a staircase to the Ecumenical Temple.
  5183 | D:6      | Found a stormy altar of Qazlal.
  5215 | Temple   | Entered the Ecumenical Temple
  5223 | Temple   | Became a worshipper of Yredelemnul the Dark
  5729 | D:7      | Noticed Jossarian's ghost (novice SpCj)
  5875 | D:7      | Reached * piety under Yredelemnul
  5896 | D:7      | Found a runed translucent door.
  6054 | D:6      | Bought a jewelled scimitar for 198 gold pieces
  6054 | D:6      | Identified the +1 scimitar of the Conjuring Stoat {flame,
                  | rCorr Stlth+} (You bought it in a shop on level 6 of the
                  | Dungeon)
  6494 | D:8      | Reached skill level 5 in Invocations
  6757 | D:8      | Reached ** piety under Yredelemnul
  6757 | D:8      | Reached skill level 5 in Fighting
  6757 | D:8      | Reached skill level 5 in Short Blades
  6757 | D:8      | Reached skill level 5 in Long Blades
  6757 | D:8      | Reached skill level 5 in Axes
  6757 | D:8      | Reached skill level 5 in Maces & Flails
  6757 | D:8      | Reached skill level 5 in Polearms
  6757 | D:8      | Reached skill level 5 in Staves
  6757 | D:8      | Reached skill level 5 in Ranged Weapons
  6757 | D:8      | Reached skill level 5 in Throwing
  6757 | D:8      | Reached skill level 5 in Armour
  6757 | D:8      | Reached skill level 5 in Shields
  6757 | D:8      | Reached skill level 5 in Unarmed Combat
  6757 | D:8      | Reached skill level 5 in Evocations
  6757 | D:8      | Reached XP level 10. HP: 74/74 MP: 14/20
  6831 | D:8      | Noticed Grum
  6856 | D:8      | Noticed Maggie
  6867 | D:8      | Killed Maggie
  6974 | D:9      | Noticed a two-headed ogre
  7000 | D:9      | Killed a two-headed ogre
  7376 | D:6      | Bought a glowing great sword for 209 gold pieces
  7487 | D:9      | Found San Nuj's Armour Boutique.
  7502 | D:9      | Found an opulent altar of Gozag.
  7846 | D:9      | Noticed a death yak
  7855 | D:9      | Noticed a death yak
  7855 | D:9      | Noticed a death yak
  7858 | D:9      | Killed a death yak
  7862 | D:9      | Killed a death yak
  7863 | D:9      | Reached skill level 5 in Conjurations
  7863 | D:9      | Reached skill level 5 in Hexes
  7863 | D:9      | Reached skill level 5 in Necromancy
  7863 | D:9      | Reached skill level 5 in Translocations
  7863 | D:9      | Reached skill level 5 in Transmutations
  7863 | D:9      | Reached skill level 5 in Fire Magic
  7863 | D:9      | Reached skill level 5 in Ice Magic
  7863 | D:9      | Reached skill level 5 in Air Magic
  7863 | D:9      | Reached skill level 5 in Earth Magic
  7863 | D:9      | Reached skill level 5 in Poison Magic
  7863 | D:9      | Reached XP level 11. HP: 66/81 MP: 3/23
  7867 | D:9      | Killed a death yak
  7868 | D:9      | Reached *** piety under Yredelemnul
  7870 | D:9      | Found a staircase to the Lair.
  8181 | D:9      | Reached **** piety under Yredelemnul
  8500 | Lair:1   | Entered Level 1 of the Lair of Beasts
  8936 | Lair:1   | Noticed Erica
  8946 | Lair:1   | Killed Erica
  9657 | Lair:2   | Found a hide-covered altar of Uskayaw.
  9657 | Lair:2   | Noticed a boulder beetle
  9667 | Lair:2   | Killed a boulder beetle
  9668 | Lair:2   | Reached XP level 12. HP: 49/91 MP: 14/24
  9788 | Lair:2   | Found an ornate altar of the Wu Jian Council.
  9796 | Lair:2   | Learned a level 4 spell: Manifold Assault
  9799 | Lair:2   | Learned a level 2 spell: Blink
  9898 | Lair:2   | Found a runed translucent gate.
  9899 | Lair:2   | Found a runed translucent gate.
  9900 | Lair:2   | Found a runed translucent gate.
  9901 | Lair:2   | Noticed Xoimmeym's ghost (journeyman DsHu)
  9901 | Lair:2   | Noticed Ysuhawk's ghost (journeyman DsBr)
  9901 | Lair:2   | Noticed Abiej's ghost (journeyman GrDe)
 10053 | Lair:2   | Found a staircase to the Snake Pit.
 10484 | Lair:2   | Found a glowing golden altar of the Shining One.
 11819 | Lair:3   | Reached ***** piety under Yredelemnul
 11974 | Lair:3   | Found a staircase to the Shoals.
 12492 | Lair:4   | Reached ****** piety under Yredelemnul
 12621 | Lair:4   | Found a bloodstained altar of Trog.
 12622 | Lair:4   | Reached XP level 13. HP: 98/98 MP: 22/26
 12816 | Lair:4   | Reached skill level 10 in Summonings
 13534 | Lair:4   | Reached skill level 10 in Spellcasting
 13957 | Lair:5   | Entered Level 5 of the Lair of Beasts
 14120 | Lair:5   | Reached skill level 10 in Dodging
 14402 | Lair:5   | Reached skill level 10 in Stealth
 14568 | Lair:5   | Reached XP level 14. HP: 79/108 MP: 16/28
 14658 | Lair:5   | Reached skill level 10 in Invocations
 14842 | Lair:5   | Found a staircase to the Slime Pits.
 14842 | Lair:5   | Found a viscous altar of Jiyva.
 14959 | Lair:5   | Noticed syranez's ghost (journeyman DgTm)
 14988 | Lair:5   | Noticed Josephine
 14997 | Lair:5   | Killed Josephine
 15020 | Lair:5   | Found a runed translucent gate.
 15020 | Lair:5   | Found a runed translucent gate.
 15020 | Lair:5   | Found a runed translucent gate.
 15070 | Lair:5   | Killed syranez's ghost
 15429 | Lair:5   | Identified the ring of Udghogh {rF+ MP+9}
 15759 | D:10     | Entered Level 10 of the Dungeon
 15805 | D:10     | Found a burning altar of Makhleb.
 15838 | D:10     | Found a transporter.
 15844 | D:10     | Noticed Mulkerokala's ghost (novice KoNe)
 15849 | D:10     | Identified the +8 dire flail of the Jester {venom, rPois
                  | rCorr}
 15854 | D:10     | Found a transporter.
 16207 | D:10     | Paralysed by a floating eye for 2 turns
 16793 | D:10     | Reached skill level 10 in Fighting
 16793 | D:10     | Reached skill level 10 in Short Blades
 16793 | D:10     | Reached skill level 10 in Long Blades
 16793 | D:10     | Reached skill level 10 in Axes
 16793 | D:10     | Reached skill level 10 in Maces & Flails
 16793 | D:10     | Reached skill level 10 in Polearms
 16793 | D:10     | Reached skill level 10 in Staves
 16793 | D:10     | Reached skill level 10 in Ranged Weapons
 16793 | D:10     | Reached skill level 10 in Throwing
 16793 | D:10     | Reached skill level 10 in Armour
 16793 | D:10     | Reached skill level 10 in Shields
 16793 | D:10     | Reached skill level 10 in Unarmed Combat
 16793 | D:10     | Reached skill level 10 in Evocations
 17612 | D:6      | Bought an amulet of regeneration for 360 gold pieces
 18331 | D:11     | Reached XP level 15. HP: 115/115 MP: 30/30
 18339 | D:11     | Learned a level 7 spell: Malign Gateway
 18897 | D:12     | Found a staircase to the Orcish Mines.
 19902 | Orc:1    | Entered Level 1 of the Orcish Mines
 19909 | Orc:1    | Noticed an orc warlord
 19933 | Orc:1    | Killed an orc warlord
 20447 | Orc:2    | Entered Level 2 of the Orcish Mines
 20515 | Orc:2    | Noticed Nessos
 20770 | Orc:2    | Noticed Urug
 20779 | Orc:2    | Killed Urug
 21209 | Orc:2    | Found a staircase to the Elven Halls.
 21296 | Orc:2    | Found Veecent's Antique Armour Shoppe.
 21299 | Orc:2    | Found Xanaquu's Jewellery Emporium.
 21300 | Orc:2    | Found Qacad's General Store.
 21301 | Orc:2    | Found Ciqioh's Jewellery Shoppe.
 21304 | Orc:2    | Bought a potion of resistance for 160 gold pieces
 21304 | Orc:2    | Bought a potion of lignification for 48 gold pieces
 21403 | Orc:2    | Killed Nessos
 22018 | D:13     | Found a gate to the Vaults.
 22104 | D:13     | Found a shimmering altar of Xom.
 22165 | D:13     | Reached XP level 16. HP: 89/124 MP: 23/32
 22218 | D:13     | Reached skill level 10 in Poison Magic
 22775 | D:14     | Identified the staff of poison "Bomusof" {+Blink rPois rN+}
 22948 | D:14     | Found a runed translucent gate.
 22951 | D:14     | Found a runed translucent gate.
 22951 | D:14     | Found a runed translucent gate.
 22954 | D:14     | Noticed Qetzeseq's ghost (journeyman MeCj)
 23087 | D:14     | Found a shimmering blue altar of Sif Muna.
 23296 | D:14     | Identified the +1 chain mail "Alyipurgh" {Will+ Int+2}
 23635 | D:15     | Entered Level 15 of the Dungeon
 23640 | D:15     | Got Sif Muna's Lectures on the Bane
 23710 | D:15     | Upgraded the game from 0.30-a0-1014-g3371b13838 to
                  | 0.30-a0-1016-gfb0d676c02
 24591 | D:15     | Found a staircase to the Depths.
 25121 | Shoals:1 | Entered Level 1 of the Shoals
 26087 | Shoals:2 | Identified Roxanne's Codex of the Figure
 26087 | Shoals:2 | Noticed Roxanne
 26099 | Shoals:2 | Killed Roxanne
 26170 | Shoals:2 | Learned a level 7 spell: Enfeeble
 26373 | Shoals:2 | Reached XP level 17. HP: 133/133 MP: 25/33
 26475 | Shoals:2 | Reached skill level 10 in Conjurations
 26475 | Shoals:2 | Reached skill level 10 in Hexes
 26475 | Shoals:2 | Reached skill level 10 in Necromancy
 26475 | Shoals:2 | Reached skill level 10 in Translocations
 26475 | Shoals:2 | Reached skill level 10 in Transmutations
 26475 | Shoals:2 | Reached skill level 10 in Fire Magic
 26475 | Shoals:2 | Reached skill level 10 in Ice Magic
 26475 | Shoals:2 | Reached skill level 10 in Air Magic
 26475 | Shoals:2 | Reached skill level 10 in Earth Magic
 26579 | Shoals:2 | Noticed Nikola
 26589 | Shoals:2 | Killed Nikola
 26589 | Shoals:2 | Enslaved Nikola
 27692 | Shoals:4 | Entered Level 4 of the Shoals
 27718 | Shoals:4 | HP: 1/133 [frost giant/+1 battleaxe of freezing (35)]
 27718 | Shoals:4 | Slain by a frost giant

Illustrated notes

Levels and vault maps discovered:
D:1:      dpeg_arrival_solitude, layout_loops_ring
D:2:      layout_basic, minmay_pentomino_o2
D:3:      layout_rooms, mainiacjoe_overflow_tiny_flanked,
          chequers_ecumenical_altar_grove, chequers_serial_rivers_micro_a
D:4:      layout_basic, gammafunk_ghost_necromancy, portal_sewer_entry_a
D:5:      layout_rooms, mainiacjoe_overflow_alcove_4, overflow_temple_1_default,
          glass_columns_b, uniq_pikel
D:6:      layout_loops_ring, mainiacjoe_overflow_cross_hatched, temple_pool_b,
          serial_shops, shop, nicolae_take_the_stairs,
          nicolae_inconvenience_store
D:7:      layout_rooms, hellmonk_ghost_happy_afterlife
D:8:      layout_cave_pools, uniq_grum, uniq_maggie
D:9:      layout_basic, nicolae_gozag_seed_capital, dpeg_lair_monsters,
          serial_shops, nicolae_shop_stone
D:10:     minmay_the_grid_octo_triangle [minmay_the_grid_octo_checkerflower,
          minmay_the_grid_octo_prize_ultimate_mussel_roller,
          minmay_the_grid_octo_vomiting_pacman], layout_loops_ring,
          old_standard_altar, gammafunk_ghost_smash, nicolae_water_bricks,
          onia_ninara_cookie
D:11:     layout_long_grid
D:12:     layout_stronghold, erik_orc_1
D:13:     layout_long_grid, david_vaults_2, serial_undead, serial_undead_a,
          serial_undead_b, serial_undead_d, serial_undead_c, serial_undead_a,
          serial_undead_a, serial_undead_b, xom_teletrap_fun
D:14:     layout_loops_ring, gammafunk_ghost_spectres, led_sif_pool, kb_rosetta
D:15:     hangedman_depths_entry_try_elsewhere_first, layout_loops_cross,
          corexii_corridor_pit, grunt_ministairs_12
Temple:   nicolae_temple_x_marks_the_god
Lair:1:   layout_regular_city, uniq_erica
Lair:2:   layout_concentric_octagons, guppyfry_snake_entry_garden, basic_altar,
          gammafunk_ghost_cemetery, nzn_masters_of_martial_movement,
          infiniplex_staircase_pool_2, serial_bayou_shore_a
Lair:3:   minmay_lair_venomous_thicket, layout_hall_layers,
          minmay_shoals_entry_hut, lemuel_fruit_tree
Lair:4:   kb_forest_paths, layout_loops_ring, ldierk_geyser, lemuel_oklob_altar
Lair:5:   gammafunk_lair_ancient_temple, layout_gridlike, slime_entry_1,
          gammafunk_ghost_split, uniq_josephine
Shoals:1: layout_shoals
Shoals:2: layout_shoals, uniq_nikola, uniq_roxanne
Shoals:3: layout_shoals, nicolae_shoals_undead_eyrie
Shoals:4: shoals_end_grunt_ice, layout_shoals, shoals_ilsuiw_alternative,
          uniq_aizul, uniq_bai_suzhen
Orc:1:    layout_caves
Orc:2:    st_orc_pillars, layout_diamond_mine, mines3_lemuel, uniq_urug,
          uniq_nessos

Skill      XL: |  1  2  3  4  5  6  7  8  9 10 11 12 13 14 15 16 17 |
---------------+----------------------------------------------------+-----
Spellcasting   | 5 6 7 8 9 10 11 12 13 | 13.1
Invocations    | 1 2 3 4 5 6 7 8 9 10 11 12 13 | 13.2
Fighting       | 1 2 3 5 6 7 8 9 10 11 12 | 12.1
Short Blades   | 1 2 3 5 6 7 8 9 10 11 12 | 12.1
Long Blades    | 1 2 3 5 6 7 8 9 10 11 12 | 12.1
Axes           | 1 2 3 5 6 7 8 9 10 11 12 | 12.1
Maces & Flails | 1 2 3 5 6 7 8 9 10 11 12 | 12.1
Polearms       | 1 2 3 5 6 7 8 9 10 11 12 | 12.1
Staves         | 1 2 3 5 6 7 8 9 10 11 12 | 12.1
Ranged Weapons | 1 2 3 5 6 7 8 9 10 11 12 | 12.1
Throwing       | 1 2 3 5 6 7 8 9 10 11 12 | 12.1
Armour         | 1 2 3 5 6 7 8 9 10 11 12 | 12.1
Shields        | 1 2 3 5 6 7 8 9 10 11 12 | 12.1
Unarmed Combat | 1 2 3 5 6 7 8 9 10 11 12 | 12.1
Evocations     | 1 2 3 5 6 7 8 9 10 11 12 | 12.1
Conjurations   | 1 2 3 4 5 6 7 8 9 10 | 10.3
Hexes          | 1 2 3 4 5 6 7 8 9 10 | 10.3
Necromancy     | 1 2 3 4 5 6 7 8 9 10 | 10.3
Translocations | 1 2 3 4 5 6 7 8 9 10 | 10.3
Transmutations | 1 2 3 4 5 6 7 8 9 10 | 10.3
Fire Magic     | 1 2 3 4 5 6 7 8 9 10 | 10.3
Ice Magic      | 1 2 3 4 5 6 7 8 9 10 | 10.3
Air Magic      | 1 2 3 4 5 6 7 8 9 10 | 10.3
Earth Magic    | 1 2 3 4 5 6 7 8 9 10 | 10.3
Poison Magic   | 1 2 3 4 5 6 7 8 9 11 | 11.8
Dodging        | 5 6 7 8 9 10 11 12 13 | 13.0
Stealth        | 5 6 7 8 9 10 11 12 | 12.8
Summonings     | 8 9 10 11 12 | 12.4

Action                     |  1- 3 |  4- 6 |  7- 9 | 10-12 | 13-15 | 16-18 || total
---------------------------+-------+-------+-------+-------+-------+-------++-------
  Melee: Spear             |   135 |   152 |    66 |       |       |       ||   353
         Bite              |    13 |     8 |    29 |    20 |    58 |    49 ||   177
         Punch             |     2 |       |     7 |    14 |       |     1 ||    24
         Dagger            |       |    10 |       |       |       |       ||    10
         Flail             |       |       |   144 |       |       |       ||   144
         Scimitar          |       |       |    21 |   227 |    33 |     5 ||   286
         Great sword       |       |       |       |       |   294 |       ||   294
         Bardiche          |       |       |       |       |   205 |   396 ||   601
   Cast: Summon Small Mamm |     4 |     8 |       |       |       |     1 ||    13
         Call Imp          |     3 |    13 |    11 |    14 |     5 |     1 ||    47
         Call Canine Famil |     2 |    20 |    20 |    34 |    53 |    24 ||   153
         Summon Guardian G |       |    11 |     7 |    16 |    16 |     2 ||    52
         Summon Lightning  |       |       |    16 |    30 |    45 |    10 ||   101
         Poisonous Vapours |       |       |     6 |     3 |    30 |     4 ||    43
         Manifold Assault  |       |       |       |       |     8 |     4 ||    12
         Malign Gateway    |       |       |       |       |     5 |    16 ||    21
         Enfeeble          |       |       |       |       |       |     2 ||     2
 Invoke: Dark Bargain      |       |       |       |     2 |    21 |    10 ||    33
         Recall Undead Har |       |       |       |     5 |     4 |     5 ||    14
         Bind Soul         |       |       |       |     1 |     3 |     2 ||     6
         Drain Life        |       |       |       |       |     2 |     2 ||     4
  Evoke: Wand              |       |     1 |     3 |     3 |     3 |     8 ||    18
         Box of beasts     |       |       |       |       |     4 |     5 ||     9
         Tin of tremorston |       |       |       |       |     1 |     2 ||     3
    Use: Scroll            |       |     3 |     4 |     2 |    18 |     9 ||    36
         Potion            |       |     2 |       |       |     5 |     5 ||    12
   Stab: Sleeping          |    16 |    10 |     1 |     3 |     7 |    16 ||    53
         Distracted        |       |     1 |     4 |     6 |    17 |     8 ||    36
         Invisible         |       |       |       |       |       |     1 ||     1
         Paralysed         |       |       |       |       |       |     2 ||     2
 Armour: Robe              |    14 |     6 |    60 |       |       |       ||    80
         Ring mail         |       |    68 |    33 |       |       |       ||   101
         Steam dragon scal |       |       |       |    71 |   258 |   337 ||   666
         Skin              |       |       |       |     1 |       |       ||     1
  Dodge: Dodged            |    54 |   122 |   230 |   271 |   712 |   519 ||  1908

Table legend: (Time is in decaauts)
 A = Elapsed time spent in this place.
 B = Non-inter-level travel time spent in this place.
 C = Inter-level travel time spent in this place.
 D = Time resting spent in this place.
 E = Time spent auto-exploring this place.
 F = Levels seen in this place.
 G = Mean time per level.
                   A        B        C        D        E       F      G
               +--------+--------+--------+--------+--------+-----+--------+
         Total |  28390 |  26522 |   1868 |   2932 |  16740 |  28 | 1013.9 |
       Dungeon |  15578 |  14300 |   1278 |   1112 |   9402 |  15 | 1038.5 |
        Temple |     16 |      8 |      8 |      0 |      0 |   1 |   16.0 |
          Lair |   7394 |   6999 |    395 |    964 |   4714 |   5 | 1478.8 |
        Shoals |   2905 |   2766 |    139 |    470 |   1290 |   4 |  726.2 |
  Orcish Mines |   1663 |   1617 |     46 |     99 |   1047 |   2 |  831.5 |
         Sewer |    832 |    832 |      0 |    287 |    286 |   1 |  832.0 |
               +--------+--------+--------+--------+--------+-----+--------+

Top non-repeatable levels by time:
  Lair:4: 1825 daAuts
    D:10: 1824 daAuts
  Lair:5: 1630 daAuts
     D:9: 1562 daAuts
  Lair:3: 1557 daAuts
     D:6: 1464 daAuts
    D:14: 1367 daAuts
    D:12: 1321 daAuts
  Lair:2: 1265 daAuts
    D:13: 1187 daAuts
  Lair:1: 1117 daAuts
   Orc:2: 1100 daAuts
     D:2: 1076 daAuts
Shoals:2: 1074 daAuts
    D:15: 1039 daAuts
